 Dungeon Crawl Stone Soup version 0.29.1-15-g9cfb28693d (webtiles) character file.

Game seed: 14518793612946928526

1664 croobank the Sneak (level 9, -3/57 HPs)
             Began as an Octopode Summoner on Feb 26, 2023.
             Was an Initiate of Gozag.
             Killed from afar by a centaur (17 damage)
             ... with a bolt of dispelling energy
             ... on level 7 of the Dungeon.
             The game lasted 01:41:46 (7143 turns).

croobank the Sneak (Octopode Summoner)              Turns: 7143, Time: 01:41:47

Health: -3/57      AC:  1    Str:  7    XL:     9   Next: 1%
Magic:  18/24      EV: 14    Int: 21    God:    Gozag
Gold:   275        SH:  0    Dex: 13    Spells: 3/16 levels left

rFire   . . .      SeeInvis .   w - +6 short sword
rCold   . . .      Faith    .   (no shield)
rNeg    . . .      Spirit   .   (helmet restricted)
rPois   .          Reflect  .   c - amulet of regeneration
rElec   .          Harm     .   y - ring of wizardry
rCorr   .          Rampage  .   z - ring of magical power
Will    .....                   (no ring)
Stlth   ++++......              (no ring)
HPRegen 0.99/turn               (no ring)
MPRegen 0.19/turn               (no ring)
                                (no ring)
                                (no ring)

@: no status effects
A: almost no armour, amphibious, 8 rings, camouflage 1, gelatinous body 1,
(nimble swimmer 1), tentacles
a: Renounce Religion, Potion Petition, Call Merchant, Bribe Branch


You were on level 7 of the Dungeon.
You worshipped Gozag.
Gozag was aware of your devotion.
You visited 2 branches of the dungeon, and saw 8 of its levels.

You collected 568 gold pieces.
You spent 220 gold pieces at shops.
You paid 73 gold pieces to Gozag.

Inventory:

Hand Weapons
 a - a +3 short sword of flaming
 b - a +0 arbalest
 d - a +0 dire flail
 h - a +1 vorpal flail
 i - a +2 halberd of protection
 n - a +1 trident
 p - a +0 whip of venom
 u - a +2 flail of protection
 v - a +0 scimitar
 w - a +6 short sword (weapon)
 A - a +3 halberd
 B - a +1 dagger of holy wrath
 C - a +2 dagger
Missiles
 F - a curare-tipped dart
Magical Staves
 o - a staff of earth
Jewellery
 c - an amulet of regeneration (around mantle)
 k - a ring of fire
 y - a ring of wizardry (left tentacle)
 z - a ring of magical power (right tentacle)
Wands
 g - a wand of quicksilver (4)
 m - a wand of roots (7)
 x - a wand of paralysis (11)
Scrolls
 l - a scroll of teleportation
 q - a scroll of immolation
Potions
 e - 7 potions of curing
 f - a potion of brilliance
 j - 3 potions of lignification {unknown}
 r - a potion of flight {unknown}
 s - 2 potions of attraction {unknown}
 t - a potion of invisibility {unknown}
 D - a potion of berserk rage {unknown}
 E - a potion of cancellation {unknown}
 G - a potion of haste {unknown}


   Skills:
 + Level 3.4 Fighting
 - Level 5.0 Short Blades
 + Level 4.3 Dodging
 + Level 5.7 Stealth
 + Level 4.0 Spellcasting
 * Level 4.3 Hexes
 + Level 5.7 Summonings
 + Level 0.3 Air Magic


You had 3 spell levels left.
You knew the following spells:

 Your Spells              Type           Power      Damage    Failure   Level
a - Summon Small Mammal   Summ           100%       N/A       1%          1
b - Call Imp              Summ           28%        N/A       1%          2
c - Call Canine Familiar  Summ           28%        N/A       1%          3
d - Summon Guardian Gole  Hex/Summ       25%        N/A       1%          3
e - Summon Lightning Spi  Summ/Air       16%        N/A       14%         4

Your spell library contained the following spells:

 Spells                   Type           Power      Damage    Failure   Level
 Tukima's Dance           Hex            22%        N/A       2%          3
 Portal Projectile        Hex/Tloc       26%        N/A       6%          3
 Gell's Gravitas          Tloc           4%         N/A       14%         3
 Lesser Beckoning         Tloc           4%         N/A       14%         3
 Teleport Other           Tloc           4%         N/A       14%         3
 Fulminant Prism          Conj/Hex       6%         3d7       19%         4
 Iskenderun's Mystic Bla  Conj/Tloc      4%         2d3       41%         4
 Blade Hands              Tmut           2%         N/A       75%         5
 Lee's Rapid Deconstruct  Erth           2%         3d5*      75%         5


Dungeon Overview and Level Annotations

Branches:
Dungeon (7/15)             Temple (1/1) D:5

Altars:
Ashenzari
Cheibriados
Dithmenos
Elyvilon
Fedhas
Gozag
Kikubaaqudgha
Makhleb
Nemelex Xobeh
Okawaru
Ru
Sif Muna
Trog
Uskayaw
Vehumet
Wu Jian
Xom
Yredelemnul
Zin
The Shining One

Shops:
D:3 =


Innate Abilities, Weirdness & Mutations

You cannot wear most types of armour.
You are amphibious.
You can wear up to eight rings at the same time.
Your skin changes colour to match your surroundings (Stealth+).
Your rubbery body absorbs attacks. (AC +1, EV +1)
((You are camouflaged when in or above water. (Stealth+)))
You have tentacles for arms and can constrict up to eight enemies at once.


Message History

The bolt of dispelling energy hits you!
* * * LOW HITPOINT WARNING * * *
Your guardian golem overheats!
You feel better.
The centaur shoots an arrow.
The arrow hits your guardian golem but does no damage.
The centaur shoots an arrow.
The arrow hits your guardian golem. Flame seeps out of your guardian golem.
Your guardian golem is engulfed in blazing flames.
Flame seeps out of your guardian golem. What are your orders? t - Shout!
Orders for allies: a - Attack new target. r - Retreat! s - Stop attacking. g - Guard the area. f - Follow me.
Anything else - Cancel.
Gang up on whom?
Press: ? - help, Dir - move target, f - centaur
Aim: a centaur, wielding a +0 shortbow and carrying a wand of quicksilver (3) (severely wounded, ally target) Attack!
The centaur shoots an arrow.
The arrow hits your guardian golem. Flame seeps out of your guardian golem.
Your guardian golem is engulfed in blazing flames.
Flame seeps out of your guardian golem. What are your orders? t - Shout!
Orders for allies: a - Attack new target. p - Attack previous target. r - Retreat! s - Stop attacking. g - Guard the area. f - Follow me.
Anything else - Cancel.
Gang up on whom?
Press: ? - help, Dir - move target, f/p - centaur
Aim: a centaur, wielding a +0 shortbow and carrying a wand of quicksilver (3) (severely wounded, ally target) Attack!
The centaur zaps a wand.
The bolt of dispelling energy hits your guardian golem!
Your guardian golem disappears in a puff of smoke!
The bolt of dispelling energy hits your lightning spire!
Your lightning spire is destroyed!
Your lightning spire disappears in a puff of smoke!
The bolt of dispelling energy hits you!
You die...
Your body crumbles into a pile of gold.

... #.## ########
#..###......#
#..##......## #######
#.......⌠...# ......#
#.......c...## ......#
#......°........#
......##
#....)§######.#.#
.).....####.....@'..# .#
.......'.........##......
.......###.......# ##.#
.......# #.......#
.......# #.#######
..###### #.. ..# ### ..#
+##


You could see a centaur.

Vanquished Creatures
  A phantom (D:5)
  3 wights (D:6)
  Dowan (D:6)
  Natasha (D:3)
  An adder (D:5)
  A dart slug (D:4)
  5 orcs
  3 endoplasms
  A giant cockroach (D:3)
  3 goblins
  4 hobgoblins
  A bat (D:2)
  2 kobolds
  3 rats
30 creatures vanquished.

Vanquished Creatures (collateral kills)
  A phantom (D:4)
  A kobold brigand (D:6)
  A howler monkey (D:5)
  2 orc priests
  2 jellies
  3 iguanas
  An orc wizard (D:5)
  3 gnolls (D:4)
  5 adders
  2 worms (D:2)
  6 orcs
  7 endoplasms
  2 giant cockroaches (D:1)
  8 goblins
  2 hobgoblins
  8 kobolds
  4 quokkas
  2 ball pythons (D:1)
  5 bats
  A rat (D:1)
66 creatures vanquished.

Vanquished Creatures (others)
  Duvessa (D:6)
  3 ice beasts
  An ogre (D:7)
  A centaur (D:6)
  A gnoll sergeant (D:5)
  A necrophage (D:4)
  A wight (D:6)
  An orc wizard (D:4)
  4 gnolls (D:5)
  An orc (D:4)
  A kobold (D:6)
16 creatures vanquished.

Grand Total: 112 creatures vanquished

Notes
Turn   | Place    | Note
-------+----------+-------------------------------------------
     0 | D:1      | croobank the Octopode Summoner began the quest for the Orb.
     0 | D:1      | Reached XP level 1. HP: 11/11 MP: 3/3
   199 | D:1      | Reached XP level 2. HP: 17/17 MP: 5/5
   302 | D:1      | Learned a level 2 spell: Call Imp
   889 | D:1      | Reached XP level 3. HP: 21/21 MP: 3/6
   893 | D:1      | Learned a level 3 spell: Call Canine Familiar
  1623 | D:2      | Found a radiant altar of Vehumet.
  1723 | D:2      | Found a faded altar of an unknown god.
  1796 | D:2      | Reached XP level 4. HP: 27/27 MP: 7/7
  2782 | D:3      | Found Lelecw's Jewellery Shop.
  2784 | D:3      | Reached skill level 1 in Fighting
  3366 | D:3      | Noticed Natasha
  3399 | D:3      | Killed Natasha
  3559 | D:3      | Found a shimmering blue altar of Sif Muna.
  3682 | D:4      | Reached XP level 5. HP: 33/33 MP: 9/9
  3686 | D:4      | Learned a level 3 spell: Summon Guardian Golem
  3697 | D:4      | Noticed a phantom
  3718 | D:4      | Killed a phantom
  3743 | D:4      | Reached XP level 6. HP: 31/38 MP: 6/10
  4457 | D:5      | Entered Level 5 of the Dungeon
  4567 | D:5      | Found an ancient bone altar of Kikubaaqudgha.
  4663 | D:5      | Reached skill level 5 in Short Blades
  4663 | D:5      | Reached XP level 7. HP: 43/43 MP: 7/11
  4871 | D:5      | Reached skill level 1 in Hexes
  4899 | D:5      | Found a staircase to the Ecumenical Temple.
  4915 | Temple   | Entered the Ecumenical Temple
  4919 | Temple   | Became a worshipper of Gozag Ym Sagoz the Greedy
  4954 | D:5      | Reached skill level 5 in Summonings
  5224 | D:5      | Found a glowing silver altar of Zin.
  5858 | D:3      | Bought a ring of magical power for 220 gold pieces
  6016 | D:6      | Noticed Duvessa
  6019 | D:6      | Noticed Dowan
  6030 | D:6      | Killed Dowan
  6031 | D:6      | Reached XP level 8. HP: 43/50 MP: 12/12
  6034 | D:6      | Killed Duvessa
  6081 | D:6      | Reached skill level 5 in Stealth
  6958 | D:6      | Learned a level 4 spell: Summon Lightning Spire
  7042 | D:7      | Reached XP level 9. HP: 57/57 MP: 15/15
  7143 | D:7      | Killed from afar by a centaur

Illustrated notes

Levels and vault maps discovered:
D:1:      amcnicky_arrival_flooded_fountain, layout_basic
D:2:      layout_basic, basic_altar, basic_ecumenical_altar
D:3:      layout_loops_ring, mainiacjoe_overflow_small_starburst, serial_shops,
          nicolae_square_shop, uniq_natasha
D:4:      layout_rooms
D:5:      layout_basic, mainiacjoe_overflow_catch_the_wave,
          minmay_temple_entry_glassed_door
D:6:      layout_cave_pods, uniq_duvessa
D:7:      layout_basic, serial_shops, kennysheep_mini, enter_bailey_2,
          dreamdust_wishing_well, chequers_decorated_corner, uniq_pikel
Temple:   sentei_temple_godly_chess

Skill      XL: |  1  2  3  4  5  6  7  8 |
---------------+-------------------------+-----
Stealth        | 3 4 5 |  5.7
Fighting       | 1 2 3 |  3.4
Short Blades   | 3 5 |  5.0
Dodging        | 3 4 |  4.3
Hexes          | 2 4 |  4.3
Spellcasting   | 3 4 |  4.0
Summonings     | 5 |  5.7
Air Magic      | |  0.3

Action                   |  1- 3 |  4- 6 |  7- 9 || total
-------------------------+-------+-------+-------++-------
Melee: Unarmed           |     7 |       |       ||     7
       Tentacles         |     3 |     6 |     6 ||    15
       Short sword       |     8 |    29 |    29 ||    66
       Constrict         |     2 |     7 |     5 ||    14
       Punch             |       |     1 |       ||     1
 Cast: Summon Small Mamm |    33 |    23 |    16 ||    72
       Call Imp          |    12 |    11 |     4 ||    27
       Call Canine Famil |     5 |    13 |    11 ||    29
       Summon Guardian G |       |     5 |    16 ||    21
       Summon Lightning  |       |       |     1 ||     1
Evoke: Wand              |       |     3 |     5 ||     8
  Use: Scroll            |       |     7 |     7 ||    14
       Potion            |       |     2 |     4 ||     6
 Stab: Sleeping          |     4 |     5 |     1 ||    10
       Distracted        |       |       |     2 ||     2
       Paralysed         |       |       |     1 ||     1
Armor: Skin              |     1 |     6 |     1 ||     8
Dodge: Dodged            |    10 |    17 |    34 ||    61
